ITL
DETROIT X-WINGS @ RICHMOND FLAIRS
06/22/2028
 
TOP OF THE 1ST
Detroit X-Wings batting - Pitching for Richmond Flairs : RHP Gene O'Neal
Pitching: RHP Gene O'Neal
Batting: LHB Sergio Luna 0-0: Ground out 6-3 (Groundball, 6)
Batting: LHB Chris Loudermilk 0-0: Called Strike
0-1: Foul Ball, location: 2F
0-2: Ball
1-2: Strikes out swinging
Batting: RHB Jaime Contreras 0-0: Ball
1-0: Called Strike
1-1: Swinging Strike
1-2: Ball
2-2: Ball
3-2: Strikes out swinging
Top of the 1st over - 0 run(s), 0 hit(s), 0 error(s), 0 left on base; Detroit 0 - Richmond 0
BOTTOM OF THE 1ST
Richmond Flairs batting - Pitching for Detroit X-Wings : RHP Dylan Versluis
Pitching: RHP Dylan Versluis
Batting: RHB Javier Rentería 0-0: Ball
1-0: SINGLE (Groundball, 56) (infield hit)
Batting: RHB Mario López 0-0: Ball
1-0: SINGLE (Line Drive, 34D)
Javier Rentería to second
Batting: LHB Sean Nicks 0-0: Ball
1-0: Foul Ball, location: 2F
1-1: SINGLE (Flyball, 78S)
Javier Rentería to third
Mario López to second
Runner from 3rd tries for Home, SAFE, no throw
Batting: LHB Roland Jones 0-0: Called Strike
0-1: Foul Ball, location: 2F
0-2: Foul Ball, location: 2F
0-2: Ball
1-2: Ball
2-2: Ball
3-2: Fly out, F9 (Line Drive, 9LD)
Runner from 2nd tags up, SAFE at 3rd, no throw
Batting: LHB Dave Gray 0-0: Ball
1-0: Ball
2-0: SINGLE (Groundball, 6MD)
Mario López scores
Sean Nicks to second
Batting: SHB António Enríquez 0-0: Ball
1-0: Called Strike
1-1: Ball
2-1: Called Strike
Balk!
Sean Nicks to third
Dave Gray to second
2-2: Foul Ball, location: 2F
2-2: SINGLE (Groundball, 6MD)
Sean Nicks scores
Dave Gray to third
Batting: SHB Carlos Reyes 0-0: Called Strike
0-1: Called Strike
0-2: 3-RUN HOME RUN (Flyball, 9LD), Distance : 346 ft
Batting: LHB R.J. Courtney 0-0: Ball
1-0: Ball
2-0: Fly out, F5 (Line Drive, 56)
Batting: RHB Freddy Padilla 0-0: Ball
1-0: Ball
2-0: Called Strike
2-1: DOUBLE (Line Drive, 8RXD)
Batting: RHB Javier Rentería 0-0: Swinging Strike
0-1: Swinging Strike
0-2: SINGLE (Flyball, 89S)
Freddy Padilla to third
Batting: RHB Mario López 0-0: Ball
1-0: Ground out 1-3 (Groundball, 15S)
Bottom of the 1st over - 6 run(s), 8 hit(s), 0 error(s), 2 left on base; Detroit 0 - Richmond 6
TOP OF THE 2ND
Detroit X-Wings batting - Pitching for Richmond Flairs : RHP Gene O'Neal
Batting: LHB Juan Jose Pineda 0-0: Ball
1-0: SINGLE (Groundball, 34D)
Batting: RHB John Moore 0-0: Swinging Strike
0-1: Swinging Strike
0-2: Grounds into double play, 5-4-3 (Groundball, 56)
Batting: RHB Gary Witt 0-0: Called Strike
0-1: Ball
1-1: Called Strike
1-2: Ball
2-2: Foul Ball, location: 2F
2-2: Ball
3-2: Strikes out swinging
Top of the 2nd over - 0 run(s), 1 hit(s), 0 error(s), 0 left on base; Detroit 0 - Richmond 6
BOTTOM OF THE 2ND
Richmond Flairs batting - Pitching for Detroit X-Wings : RHP Dylan Versluis
Batting: LHB Sean Nicks 0-0: Ground out U3 (Groundball, 3)
Batting: LHB Roland Jones 0-0: Called Strike
0-1: Swinging Strike
0-2: Strikes out swinging
Batting: LHB Dave Gray 0-0: Foul Ball, location: 2F
0-1: Ball
1-1: Foul Ball, location: 2F
1-2: Foul Ball, location: 2F
1-2: DOUBLE (Flyball, 7LM)
Batting: SHB António Enríquez 0-0: Swinging Strike
0-1: Ball
1-1: Ball
2-1: Foul Ball, location: 2F
2-2: Ball
3-2: Fly out, F7 (Flyball, 7S)
Bottom of the 2nd over - 0 run(s), 1 hit(s), 0 error(s), 1 left on base; Detroit 0 - Richmond 6
TOP OF THE 3RD
Detroit X-Wings batting - Pitching for Richmond Flairs : RHP Gene O'Neal
Batting: RHB Júlio López 0-0: Called Strike
0-1: SINGLE (Line Drive, 9S)
Batting: RHB Carlos Aguirre 0-0: Foul Ball, location: 2F
0-1: Ball
1-1: Swinging Strike
1-2: Strikes out swinging
Batting: RHB Vincente Encarnación 0-0: Foul Ball, location: 2F
0-1: Ball
1-1: Foul Ball, location: 2F
1-2: Foul Ball, location: 2F
1-2: Ground out 6-3 (Groundball, 6S)
Júlio López to second
Batting: LHB Sergio Luna 0-0: Ball
1-0: Called Strike
1-1: Ball
2-1: Ball
3-1: Fly out, F9 (Line Drive, 9S)
Top of the 3rd over - 0 run(s), 1 hit(s), 0 error(s), 1 left on base; Detroit 0 - Richmond 6
BOTTOM OF THE 3RD
Richmond Flairs batting - Pitching for Detroit X-Wings : RHP Dylan Versluis
Batting: SHB Carlos Reyes 0-0: Ground out 4-3 (Groundball, 4)
Batting: LHB R.J. Courtney 0-0: SINGLE (Line Drive, 89S)
Batting: RHB Freddy Padilla 0-0: Ball
1-0: Called Strike
1-1: Ground out 5-3 (Groundball, 2L)
R.J. Courtney to second
Batting: RHB Javier Rentería 0-0: Called Strike
0-1: Foul Ball, location: 2F
0-2: Ball
1-2: Ground out 6-3 (Groundball, 6)
Bottom of the 3rd over - 0 run(s), 1 hit(s), 0 error(s), 1 left on base; Detroit 0 - Richmond 6
TOP OF THE 4TH
Detroit X-Wings batting - Pitching for Richmond Flairs : RHP Gene O'Neal
Batting: LHB Chris Loudermilk 0-0: Foul Ball, location: 2F
0-1: Ground out 4-3 (Groundball, 4)
Batting: RHB Jaime Contreras 0-0: Called Strike
0-1: Ball
1-1: Fly out, F9 (Flyball, 9)
Batting: LHB Juan Jose Pineda 0-0: Swinging Strike
0-1: Ball
1-1: Foul Ball, location: 2F
1-2: Ball
2-2: Strikes out swinging
Top of the 4th over - 0 run(s), 0 hit(s), 0 error(s), 0 left on base; Detroit 0 - Richmond 6
BOTTOM OF THE 4TH
Richmond Flairs batting - Pitching for Detroit X-Wings : RHP Dylan Versluis
Batting: RHB Mario López 0-0: SINGLE (Line Drive, 6MD)
Batting: LHB Sean Nicks 0-0: Ball
1-0: SINGLE (Flyball, 3D)
Mario López to second
Runner from 2nd tries for 3rd, SAFE, no throw
Batting: LHB Roland Jones 0-0: Ball
1-0: Ball
2-0: Called Strike
2-1: Foul Ball, location: 2F
2-2: Fly out, F5 (Line Drive, 5)
Batting: LHB Dave Gray 0-0: Ball
Wild Pitch!
Mario López scores
Sean Nicks to second
1-0: Called Strike
1-1: Ground out 4-3 (Groundball, 4)
Sean Nicks to third
Pitching: LHP Javier Duarte
Batting: SHB António Enríquez 0-0: Ball
1-0: Foul Ball, location: 2F
1-1: Ball
2-1: Ball
3-1: Fly out, F7 (Flyball, 78M)
Bottom of the 4th over - 1 run(s), 2 hit(s), 0 error(s), 1 left on base; Detroit 0 - Richmond 7
TOP OF THE 5TH
Detroit X-Wings batting - Pitching for Richmond Flairs : RHP Gene O'Neal
Batting: RHB John Moore 0-0: Called Strike
0-1: Called Strike
0-2: Foul Ball, location: 2F
0-2: Ground out 5-3 (Groundball, 56S)
Batting: RHB Gary Witt 0-0: Foul Ball, location: 2F
0-1: Foul Ball, location: 2F
0-2: Ball
1-2: Ball
2-2: Strikes out swinging
Batting: RHB Júlio López 0-0: Ball
1-0: Ball
2-0: Ball
3-0: Base on Balls
Batting: RHB Carlos Aguirre Pickoff Throw to First - Out!
Top of the 5th over - 0 run(s), 0 hit(s), 0 error(s), 0 left on base; Detroit 0 - Richmond 7
BOTTOM OF THE 5TH
Richmond Flairs batting - Pitching for Detroit X-Wings : LHP Javier Duarte
Batting: SHB Carlos Reyes 0-0: Ball
1-0: Ball
2-0: DOUBLE (Flyball, 9LM)
Batting: LHB R.J. Courtney 0-0: Ball
1-0: Swinging Strike
1-1: Ball
2-1: Swinging Strike
2-2: Strikes out swinging
Batting: RHB Freddy Padilla 0-0: Ball
1-0: SINGLE (Line Drive, 4M)
Carlos Reyes to third
Runner from 3rd tries for Home, SAFE, throw made home
Freddy Padilla to second
Batting: RHB Javier Rentería 0-0: Ball
1-0: Called Strike
1-1: Ball
2-1: Ball
3-1: Foul Ball, location: 2F
3-2: Base on Balls
Batting: RHB Mario López 0-0: Ball
1-0: Swinging Strike
1-1: Ball
2-1: Called Strike
Freddy Padilla steals 3rd base
Javier Rentería to second
2-2: Ball
3-2: Base on Balls
Batting: LHB Sean Nicks 0-0: Foul Ball, location: 2F
0-1: Ball
1-1: Foul Ball, location: 2F
1-2: Fly out, F3 (Popup, 34)
Batting: LHB Roland Jones 0-0: Swinging Strike
0-1: Ball
1-1: Foul Ball, location: 2F
1-2: Ball
2-2: Strikes out swinging
Bottom of the 5th over - 1 run(s), 2 hit(s), 0 error(s), 3 left on base; Detroit 0 - Richmond 8
TOP OF THE 6TH
Detroit X-Wings batting - Pitching for Richmond Flairs : RHP Gene O'Neal
Batting: RHB Carlos Aguirre 0-0: Ball
1-0: Ball
2-0: Ball
3-0: Base on Balls
Batting: RHB Vincente Encarnación 0-0: Called Strike
0-1: Foul Ball, location: 2F
0-2: Strikes out swinging
Batting: LHB Sergio Luna 0-0: SINGLE (Flyball, 7S)
Carlos Aguirre to second
Batting: LHB Chris Loudermilk 0-0: Ball
1-0: Fielders Choice at 2nd, 3-6 (Groundball, 34)
Carlos Aguirre to third
Batting: RHB Jaime Contreras 0-0: Called Strike
0-1: Called Strike
0-2: Fielders Choice at 2nd, 6-4 (Groundball, 6)
Top of the 6th over - 0 run(s), 1 hit(s), 0 error(s), 1 left on base; Detroit 0 - Richmond 8
BOTTOM OF THE 6TH
Richmond Flairs batting - Pitching for Detroit X-Wings : LHP Javier Duarte
Batting: LHB Dave Gray 0-0: Ball
1-0: Called Strike
1-1: Foul Ball, location: 2F
1-2: Ground out U3 (Groundball, 34)
Batting: SHB António Enríquez 0-0: Ball
1-0: Ball
2-0: Foul Ball, location: 2F
2-1: Swinging Strike
2-2: Ball
3-2: SINGLE (Groundball, 34S) (infield hit)
Batting: SHB Carlos Reyes 0-0: Foul Ball, location: 2F
0-1: Ball
Wild Pitch!
António Enríquez to second
1-1: Foul Ball, location: 2F
1-2: Fly out, F4 (Popup, 4D)
Batting: LHB R.J. Courtney 0-0: Ball
1-0: Ground out U3 (Groundball, 34)
Bottom of the 6th over - 0 run(s), 1 hit(s), 0 error(s), 1 left on base; Detroit 0 - Richmond 8
TOP OF THE 7TH
Detroit X-Wings batting - Pitching for Richmond Flairs : RHP Gene O'Neal
Batting: LHB Juan Jose Pineda 0-0: Ball
1-0: SINGLE (Groundball, 56S) (infield hit)
Batting: RHB John Moore 0-0: Fielders Choice at 2nd, 5-4 (Groundball, 5L)
Batting: RHB Gary Witt 0-0: Called Strike
0-1: Swinging Strike
0-2: Strikes out swinging
Batting: RHB Júlio López 0-0: Ball
1-0: Ball
2-0: Swinging Strike
2-1: Ball
3-1: Called Strike
Pickoff Throw to First - Out!
Top of the 7th over - 0 run(s), 1 hit(s), 0 error(s), 0 left on base; Detroit 0 - Richmond 8
BOTTOM OF THE 7TH
Richmond Flairs batting - Pitching for Detroit X-Wings : LHP Javier Duarte
Pitching: RHP Aaron Abrams
Batting: RHB Freddy Padilla 0-0: Called Strike
0-1: Swinging Strike
0-2: Foul Ball, location: 2F
0-2: Ball
1-2: Ball
2-2: Strikes out looking
Batting: RHB Javier Rentería 0-0: Swinging Strike
0-1: Swinging Strike
0-2: Ball
1-2: Foul Ball, location: 2F
1-2: Foul Ball, location: 2F
1-2: Strikes out swinging
Batting: RHB Mario López 0-0: Ball
1-0: Ball
2-0: Ball
3-0: Base on Balls
Batting: LHB Sean Nicks 0-0: Ball
1-0: Called Strike
1-1: Called Strike
1-2: Ball
2-2: Strikes out looking
Bottom of the 7th over - 0 run(s), 0 hit(s), 0 error(s), 1 left on base; Detroit 0 - Richmond 8
TOP OF THE 8TH
Detroit X-Wings batting - Pitching for Richmond Flairs : RHP Gene O'Neal
Now at 1B: Liangde Que
Now at 3B: Christian Hudson
Batting: RHB Júlio López 0-0: DOUBLE (Line Drive, 9LS)
Batting: RHB Carlos Aguirre 0-0: Ball
1-0: Swinging Strike
1-1: SINGLE (Groundball, 6MD)
Júlio López to third
Runner from 3rd tries for Home, SAFE, no throw
Batting: RHB Vincente Encarnación 0-0: Fly out, F8 (Line Drive, 78D)
Batting: LHB Sergio Luna 0-0: Ball
1-0: Ball
2-0: Called Strike
2-1: Foul Ball, location: 2F
2-2: Strikes out swinging
Batting: LHB Chris Loudermilk 0-0: Fly out, F8 (Flyball, 8LM)
Top of the 8th over - 1 run(s), 2 hit(s), 0 error(s), 1 left on base; Detroit 1 - Richmond 8
BOTTOM OF THE 8TH
Richmond Flairs batting - Pitching for Detroit X-Wings : RHP Aaron Abrams
Batting: LHB Roland Jones 0-0: Called Strike
0-1: Ball
1-1: Ball
2-1: SOLO HOME RUN (Flyball, 78XD), Distance : 370 ft
Batting: LHB Dave Gray 0-0: SINGLE (Line Drive, 34)
Batting: SHB António Enríquez 0-0: Ball
1-0: Called Strike
1-1: Ball
2-1: Called Strike
2-2: 2-RUN HOME RUN (Flyball, 89XD), Distance : 384 ft
Pitching: RHP Pat Monroe
Batting: SHB Carlos Reyes 0-0: Ball
1-0: Foul Ball, location: 2F
1-1: Swinging Strike
1-2: Strikes out swinging
Batting: LHB R.J. Courtney 0-0: Called Strike
0-1: Ball
1-1: Ball
2-1: Called Strike
2-2: Ball
3-2: Strikes out swinging
Batting: RHB Freddy Padilla 0-0: Ball
1-0: SINGLE (Groundball, 6MD)
Batting: RHB Javier Rentería 0-0: Called Strike
0-1: Fielders Choice at 2nd, 6-4 (Groundball, 6)
Bottom of the 8th over - 3 run(s), 4 hit(s), 0 error(s), 0 left on base; Detroit 1 - Richmond 11
TOP OF THE 9TH
Detroit X-Wings batting - Pitching for Richmond Flairs : RHP Gene O'Neal
Batting: RHB Jaime Contreras 0-0: Foul Ball, location: 2F
0-1: Called Strike
0-2: Ball
1-2: Fly out, F7 (Flyball, 7)
Pitching: RHP Lorenzo Ramos
Batting: LHB Juan Jose Pineda 0-0: Ball
1-0: Ball
2-0: Ball
3-0: Called Strike
3-1: Foul Ball, location: 2F
3-2: Fly out, F7 (Line Drive, 7S)
Batting: RHB John Moore 0-0: Foul Ball, location: 2F
0-1: Ball
1-1: SINGLE (Line Drive, 9S)
Batting: RHB Gary Witt 0-0: Called Strike
0-1: Ball
1-1: Foul Ball, location: 2F
1-2: Strikes out looking
Top of the 9th over - 0 run(s), 1 hit(s), 0 error(s), 1 left on base; Detroit 1 - Richmond 11
Tuesday, August 8th, 2017 - OOTP Baseball 17.12 Build 75